 Dungeon Crawl Stone Soup version 0.22-a0-63-geddfa9b (webtiles) character file.

161 Klosterheim the Sneak (level 5, -2/42 HPs)
             Began as a Naga Enchanter on Jan 10, 2018.
             Slain by a gnoll (8 damage)
             ... on level 2 of the Dungeon.
             The game lasted 00:09:10 (3755 turns).

Klosterheim the Sneak (Naga Enchanter)              Turns: 3755, Time: 00:09:11

Health: -2/42      AC:  4    Str: 11    XL:     5   Next: 42%
Magic:  0/9        EV: 10    Int: 16    God:
Gold:   136        SH:  0    Dex: 11    Spells: 1/10 levels left

rFire    . . .     SeeInvis +   a - +1 dagger
rCold    . . .     Gourm    .   (no shield)
rNeg     . . .     Faith    .   d - +1 robe {Archmagi}
rPois    +         Spirit   .   (no helmet)
rElec    .         Reflect  .   (no cloak)
rCorr    .         Harm     .   l - +0 pair of gloves (curse)
MR       .....                  (no barding)
Stlth    +++.......             (no amulet)
HPRegen  0.14/turn              f - ring of flight
MPRegen  0.11/turn              (no ring)

@: very slow
A: large, see invisible, deformed body, poison resistance, slowness 2, slow
metabolism 1, spit poison 1, AC +1
a: Spit Poison, Evoke Flight


You were on level 2 of the Dungeon.
You were not hungry.

You visited 1 branch of the dungeon, and saw 2 of its levels.

You collected 136 gold pieces.

Inventory:

Hand Weapons
 a - a +1 dagger (weapon)
 b - a +0 hunting sling
Armour
 d - a +1 robe of the Archmagi (worn)
 e - a +0 robe
 l - a cursed +0 pair of gloves (worn)
Jewellery
 f - a ring of flight (left hand)
Wands
 n - a wand of iceblast (5)
Scrolls
 g - a scroll of identify
 h - a scroll of blinking {unknown}
Potions
 i - a potion of resistance
 j - a potion of curing
Books
 c - a book of Maledictions

   Spells                             Type                      Level
   a - Corona                         Hexes                        1
   b - Ensorcelled Hibernation        Hexes/Ice                    2
   c - Confuse                        Hexes                        3
   d - Tukima's Dance                 Hexes                        3
   e - Dazzling Spray                 Conjuration/Hexes            3
Comestibles
 k - a ration


   Skills:
 - Level 1.0 Short Blades
 - Level 1.5 Dodging
 - Level 5.0 Stealth
 + Level 3.1 Spellcasting
 * Level 5.0 Hexes


You had one spell level left.
You knew the following spells:

 Your Spells              Type           Power        Failure   Level  Hunger
a - Corona                Hex            ####...      2%          1    None
b - Ensorcelled Hibernat  Hex/Ice        ###...       10%         2    ##.....
c - Confuse               Hex            ####....     7%          3    ###....
d - Tukima's Dance        Hex            ####....     7%          3    ###....


Dungeon Overview and Level Annotations

Branches:
Dungeon (2/15)

Altars:


Innate Abilities, Weirdness & Mutations

You cannot wear boots.
Your serpentine skin is tough. (AC +1)
You have supernaturally acute eyesight. (SInv)
Armour fits poorly on your strangely shaped body.
Your system is resistant to poisons. (rPois)
You cover ground very slowly.
You have a slow metabolism.
You can spit poison.


Message History

Casting: Ensorcelled Hibernation
Confirm with . or Enter, or press ? or * to list all spells.
Aiming: Ensorcelled Hibernation
Press: ? - help, Shift-Dir - straight line, f/p - gnoll
Aim: a gnoll (severely wounded, chance to defeat MR: 54%)
You feel a surge of power!
The gnoll resists with significant effort.
The gnoll hits you!
* * * LOW HITPOINT WARNING * * *
You hit the gnoll but do no damage.
The gnoll is severely wounded.
The gnoll hits you.
* * * LOW HITPOINT WARNING * * *
You barely miss the gnoll.
The gnoll is severely wounded.
The gnoll closely misses you.
You barely miss the gnoll.
The gnoll is severely wounded.
The gnoll hits you!
You die...

######## #### #......# ...#
#......# ##.# #......# ##.#
#......# ...# #......# ## #.[##
#......# #.
..).#################....## #.
...........))..g@........# #.
.#..#......#######.##....# #.
)...#......## #.......#######.
............# ####.##..........#.
............###.........########.
.###........+.#.##.##...### #.
.###........#.#.###.......######.
................................>
.###.##<###...........[.########)


You could see a gnoll.

Vanquished Creatures
  A jelly (D:2)
  Jessica (D:2)
  2 gnolls (D:2)
  An adder (D:2)
  3 oozes (D:2)
  2 worms
  A leopard gecko (D:1)
  A ball python (D:1)
  3 giant cockroaches
  6 goblins
  5 hobgoblins
  6 jackals (D:1)
  14 kobolds
  6 bats
  A frilled lizard (D:1)
  6 rats (D:1)
59 creatures vanquished.

Vanquished Creatures (others)
  A fungus (D:2)
  10 toadstools (D:2)
11 creatures vanquished.

Grand Total: 70 creatures vanquished

Notes
Turn   | Place    | Note
-------+----------+-------------------------------------------
     0 | D:1      | Klosterheim the Naga Enchanter began the quest for the Orb.
     0 | D:1      | Reached XP level 1. HP: 15/15 MP: 3/3
   291 | D:1      | Reached XP level 2. HP: 19/22 MP: 5/5
   331 | D:1      | Learned a level 2 spell: Ensorcelled Hibernation
  1297 | D:1      | Reached XP level 3. HP: 28/28 MP: 6/6
  1600 | D:1      | Reached skill level 5 in Stealth
  2970 | D:2      | Reached XP level 4. HP: 31/36 MP: 7/7
  3019 | D:2      | HP: 1/36 [acid (5)]
  3465 | D:2      | Noticed Jessica
  3474 | D:2      | Killed Jessica
  3474 | D:2      | Reached XP level 5. HP: 34/42 MP: 4/9
  3531 | D:2      | Learned a level 3 spell: Confuse
  3535 | D:2      | Learned a level 3 spell: Tukima's Dance
  3735 | D:2      | Reached skill level 5 in Hexes
  3744 | D:2      | HP: 2/42 [gnoll (5)]
  3755 | D:2      | Slain by a gnoll

Vault maps used:
D:1:      ncdulo_halloftheorcs
D:2:      cheibrodos_fertilizer, uniq_jessica, uniq_crazy_yiuf_cottage

Skill      XL: |  1  2  3  4  5 |
---------------+----------------+-----
Stealth        | 5 |  5.0
Hexes          | 4 5 |  5.0
Spellcasting   | 3 |  3.1
Short Blades   | |  1.0
Dodging        | |  1.5

Action                   |  1- 3 |  4- 6 || total
-------------------------+-------+-------++-------
Melee: Dagger            |   175 |    46 ||   221
 Cast: Ensorcelled Hiber |    23 |    18 ||    41
       Corona            |     2 |       ||     2
  Use: Scroll            |     3 |       ||     3
       Potion            |       |     3 ||     3
 Stab: Sleeping          |    18 |    11 ||    29
  Eat: Chunk             |     6 |       ||     6
       Ration            |       |     1 ||     1
Armor: Robe              |    66 |     9 ||    75
Dodge: Dodged            |   134 |    34 ||   168

Table legend:
 A = Spawn XP
 B = Non-spawn XP
 C = Spawn XP percentage of total XP
 D = Spawn monster count
 E = Non-spawn monster count
 F = Spawn count percentage of total count
 G = Total turns spent on level
                    A         B        C        D         E        F      G
               +---------+---------+-------+---------+---------+-------+---------
         Total |       0 |     230 |   0.0 |       0 |      59 |   0.0 |  3755
               +---------+---------+-------+---------+---------+-------+---------
           D:1 |       0 |      58 |   0.0 |       0 |      34 |   0.0 |  2656
           D:2 |       0 |     172 |   0.0 |       0 |      25 |   0.0 |  1099
               +---------+---------+-------+---------+---------+-------+---------
